 Dungeon Crawl Stone Soup version 0.21.1-1-g345015f (webtiles) character file.

2550 microfolk the Insei (level 9, 0/64 HPs)
             Began as a Purple Draconian Transmuter on May 4, 2018.
             Was a Follower of Fedhas.
             Slain by a six-headed hydra (10 damage)
             ... on level 8 of the Dungeon.
             The game lasted 00:24:30 (9860 turns).

microfolk the Insei (Purple Draconian Transmuter)   Turns: 9860, Time: 00:24:31

Health: 0/64       AC:  9    Str: 12    XL:     9   Next: 30%
Magic:  18/18      EV: 18    Int: 16    God:    Fedhas [*.....]
Gold:   313        SH:  0    Dex: 13    Spells: 15/21 levels left

rFire    . . .     SeeInvis .     - Unarmed
rCold    . . .     Gourm    .   (no shield)
rNeg     . . .     Faith    .   (armour unavailable)
rPois    +         Spirit   .   (helmet restricted)
rElec    .         Reflect  .   y - +1 cloak
rCorr    .         Harm     .   (no gloves)
MR       +....                  (no boots)
Stlth    +.........             (no amulet)
HPRegen  0.20/turn              D - +3 ring of evasion
MPRegen  0.16/turn              f - ring of poison resistance

@: no status effects
A: breathe power, unfitting armour, horns 1, stinger 1, no potion heal 1,
cold-blooded, AC +7
a: Breathe Dispelling Energy, Fungal Bloom, Evolution, Renounce Religion


You were on level 8 of the Dungeon.
You worshipped Fedhas.
Fedhas was aware of your devotion.
You were not hungry.

You visited 2 branches of the dungeon, and saw 9 of its levels.

You collected 397 gold pieces.
You spent 84 gold pieces at shops.

Inventory:

Hand Weapons
 s - a cursed +1 hunting sling
 C - a +0 hunting sling
Missiles
 a - 48 arrows
 i - 136 stones (quivered)
 j - 2 throwing nets
 p - 30 sling bullets
Armour
 y - a +1 cloak (worn)
Magical Staves
 m - an uncursed staff of air
Jewellery
 f - a ring of poison resistance (right hand)
 v - an uncursed ring of protection from magic
 D - a +3 ring of evasion (left hand)
Wands
 k - a wand of digging (8)
 A - a wand of iceblast (8)
 E - a wand of paralysis (9)
Scrolls
 d - 2 scrolls of amnesia
 e - 6 scrolls of remove curse
 l - a scroll of noise {unknown}
 n - 5 scrolls of identify
 o - 2 scrolls of teleportation
 q - a scroll of fear {unknown}
 r - 2 scrolls of enchant armour
 t - a scroll of enchant weapon
 w - a scroll of fog {unknown}
 z - a scroll of blinking {unknown}
Potions
 g - 2 potions of brilliance
 h - 2 potions of might
 u - 2 potions of flight
 x - a potion of lignification
 B - 6 potions of curing
Books
 b - a book of Changes

   Spells                             Type                      Level
   a - Beastly Appendage              Transmutation                1
   b - Sticks to Snakes               Transmutation                2
   c - Spider Form                    Transmutation/Poison         3
   d - Ice Form                       Ice/Transmutation            4
   e - Blade Hands                    Transmutation                5
Comestibles
 c - 11 rations


   Skills:
 - Level 1.1 Fighting
 + Level 6.1 Dodging
 + Level 7.1 Unarmed Combat
 + Level 6.6 Spellcasting
 + Level 6.6 Transmutations
 - Level 2.0 Poison Magic


You had 15 spell levels left.
You knew the following spells:

 Your Spells              Type           Power        Failure   Level  Hunger
a - Beastly Appendage     Tmut           ####..       1%          1    None
b - Sticks to Snakes      Tmut           ####....     1%          2    None
c - Spider Form           Tmut/Pois      ###.......   6%          3    ##.....


Dungeon Overview and Level Annotations

Branches:
Dungeon (8/15)             Temple (1/1) D:5
   Lair: D:8-11

Altars:
Ashenzari
Cheibriados
Dithmenos
Elyvilon
Fedhas
Gozag
Hepliaklqana
Kikubaaqudgha
Makhleb
Nemelex Xobeh
Okawaru
Qazlal
Ru
Sif Muna
Trog
Uskayaw
Vehumet
Wu Jian
Yredelemnul
Zin
The Shining One

Shops:
D:4 ?

Annotations:
D:2 1 exclusion, Sigmund
D:3 exclusion: downstairs
D:7 1 runed door


Innate Abilities, Weirdness & Mutations

You can breathe bolts of dispelling energy.
Your rich purple scales are hard. (AC +7)
You cannot fit into any form of body armour.
You are cold-blooded and may be slowed by cold attacks.
You have a pair of small horns on your head.
Your tail ends in a poisonous barb.
Potions are less effective at restoring your health.


Message History

The six-headed hydra completely misses you.
Your ball python closely misses the six-headed hydra.
Your ball python barely misses the six-headed hydra.
The orc warrior hits your ball python with a morningstar!!
Your ball python dies!
Your transformation is almost over.
The six-headed hydra looks more healthy.
Your transformation has ended.
Your +1 cloak unmelds from your body.
Okay, then.
The six-headed hydra bites you.
* * * LOW HITPOINT WARNING * * *
The six-headed hydra closely misses you.
The six-headed hydra barely misses you. The six-headed hydra bites you!
* * * LOW HITPOINT WARNING * * *
The six-headed hydra bites you but does no damage. x2
There is a stone staircase leading up here.
The six-headed hydra bites you!
You die...
Fedhas appreciates your contribution to the ecosystem.

#.# #.#
#.# #o#
#o# #.#
#.#
#.#######
#.o.o.D@#
#.#######
###


You could see a six-headed hydra, an orc warrior and an orc.

Vanquished Creatures
  Pikel (D:7)
  A wandering mushroom (D:8)
  An orc warrior (D:6)
  An ice beast (D:6)
  A black bear (D:6)
  An ogre (D:4)
  2 centaurs
  A gnoll sergeant (D:6)
  A bullfrog (D:6)
  A water moccasin zombie (D:8)
  2 killer bees (D:7)
  2 scorpions
  2 crimson imps (D:5)
  3 bullfrog zombies
  2 orc priests
  2 bullfrog skeletons
  4 hounds
  3 orc wizards
  2 centaur skeletons (D:4)
  Jessica (D:3)
  An iguana (D:6)
  3 worker ants
  A hound skeleton (D:6)
  4 gnolls
  5 adders
  2 worms
  2 dart slugs (D:1)
  3 leopard geckos
  16 orcs
  5 giant cockroaches
  8 goblins
  12 hobgoblins
  7 jackals
  A quokka (D:4)
  2 ball pythons
  7 bats
  A frilled lizard (D:3)
  9 kobolds
  A leopard gecko skeleton (D:6)
  A leopard gecko zombie (D:5)
  A quokka zombie (D:7)
  5 rats
131 creatures vanquished.

Vanquished Creatures (collateral kills)
  Prince Ribbit (D:7)
  A hippogriff (D:6)
  A hungry ghost (D:7)
  An orc wizard (D:3)
  Terence (D:2)
  A gnoll (D:6)
  An adder (D:2)
  A shadow imp (D:7)
  3 orcs
11 creatures vanquished.

Vanquished Creatures (others)
  3 wandering mushrooms (D:8)
  An ogre (D:7)
  A killer bee (D:7)
  3 orcs (D:7)
  2 plants (D:7)
  53 toadstools
63 creatures vanquished.

Grand Total: 205 creatures vanquished

Notes
Turn   | Place    | Note
-------+----------+-------------------------------------------
     0 | D:1      | microfolk the Draconian Transmuter began the quest for the Orb.
     0 | D:1      | Reached XP level 1. HP: 16/16 MP: 3/3
   283 | D:1      | Reached XP level 2. HP: 11/23 MP: 3/5
   287 | D:1      | Learned a level 2 spell: Sticks to Snakes
  1311 | D:2      | Reached XP level 3. HP: 24/28 MP: 4/6
  1316 | D:2      | Learned a level 3 spell: Spider Form
  1366 | D:2      | Noticed Terence
  1482 | D:2      | Killed Terence
  1766 | D:2      | Noticed Sigmund
  1988 | D:2      | Reached XP level 4. HP: 24/35 MP: 1/8
  2337 | D:3      | Gained mutation: You are frail. (-10% HP) [potion of mutation]
  2337 | D:3      | Gained mutation: You are agile. (Dex +2) [potion of mutation]
  2338 | D:3      | Lost mutation: You are frail. (-10% HP) [potion of mutation]
  2338 | D:3      | Lost mutation: You are agile. (Dex +2) [potion of mutation]
  2338 | D:3      | Gained mutation: Your tail ends in a poisonous barb. [potion of mutation]
  2338 | D:3      | Gained mutation: Potions are less effective at restoring your health. [potion of mutation]
  2338 | D:3      | Gained mutation: You have a pair of small horns on your head. [potion of mutation]
  2437 | D:3      | Noticed Jessica
  2450 | D:3      | Killed Jessica
  3123 | D:4      | Noticed a phantom
  3224 | D:4      | Noticed an ogre
  3409 | D:4      | Reached XP level 5. HP: 22/40 MP: 7/9
  3552 | D:4      | Reached skill level 4 in Unarmed Combat
  3773 | D:4      | Killed an ogre
  3773 | D:4      | Reached XP level 6. HP: 33/47 MP: 4/10
  4155 | D:4      | Found Dicaukaz's Magic Scroll Shop.
  4163 | D:4      | Bought a scroll of magic mapping for 45 gold pieces
  4163 | D:4      | Bought a scroll of teleportation for 39 gold pieces
  4832 | D:4      | Reached skill level 1 in Poison Magic
  5059 | D:5      | Entered Level 5 of the Dungeon
  5092 | D:5      | Found a staircase to the Ecumenical Temple.
  5100 | Temple   | Entered the Ecumenical Temple
  5198 | Temple   | Became a worshipper of Fedhas Madash
  5559 | D:5      | Your scales start taking on a rich purple colour.
  5559 | D:5      | Reached XP level 7. HP: 50/52 MP: 6/12
  5685 | D:5      | Reached skill level 5 in Unarmed Combat
  6582 | D:6      | Reached skill level 5 in Transmutations
  6586 | D:6      | Reached XP level 8. HP: 40/59 MP: 6/14
  6921 | D:6      | Noticed a hippogriff
  6950 | D:6      | Killed a hippogriff
  7165 | D:6      | Reached skill level 5 in Dodging
  7165 | D:6      | Reached skill level 5 in Spellcasting
  7199 | D:6      | Reached skill level 6 in Unarmed Combat
  7800 | D:7      | Noticed Prince Ribbit
  7962 | D:7      | Noticed Pikel
  7983 | D:7      | Killed Pikel
  7983 | D:7      | Reached XP level 9. HP: 46/64 MP: 5/18
  8190 | D:7      | Killed Prince Ribbit
  8278 | D:7      | Reached * piety under Fedhas
  8329 | D:7      | Reached skill level 7 in Unarmed Combat
  8787 | D:7      | Found a runed door.
  9802 | D:8      | Noticed a six-headed hydra
  9860 | D:8      | Slain by a six-headed hydra

Skill      XL: |  1  2  3  4  5  6  7  8  9 |
---------------+----------------------------+-----
Dodging        | 2 3 4 5 6 |  6.1
Spellcasting   | 3 4 6 |  6.6
Transmutations | 3 4 5 6 |  6.6
Unarmed Combat | 4 5 6 7 |  7.1
Poison Magic   | 1 2 |  2.0
Fighting       | |  1.1

Action                   |  1- 3 |  4- 6 |  7- 9 || total
-------------------------+-------+-------+-------++-------
Melee: Unarmed           |   123 |   122 |   230 ||   475
       Tailslap          |     8 |    14 |    11 ||    33
       Headbutt          |    11 |    13 |    19 ||    43
       Kick              |    11 |    18 |    25 ||    54
       Punch             |     1 |     1 |     2 ||     4
Throw: Stone             |     4 |     7 |    14 ||    25
 Cast: Beastly Appendage |    23 |    25 |    19 ||    67
       Sticks to Snakes  |     5 |    20 |    29 ||    54
       Spider Form       |       |     6 |    19 ||    25
Invok: Fungal Bloom      |       |       |    23 ||    23
       Evolution         |       |       |     5 ||     5
  Use: Scroll            |     1 |     5 |     6 ||    12
       Potion            |       |     2 |       ||     2
 Stab: Sleeping          |       |     1 |     3 ||     4
       Distracted        |       |     1 |     2 ||     3
  Eat: Chunk             |     4 |     7 |     4 ||    15
       Ration            |       |     2 |     4 ||     6
Armor: Skin              |    35 |    21 |    36 ||    92
Dodge: Dodged            |    67 |    89 |   205 ||   361
